 Dungeon Crawl Stone Soup version 0.30-a0-777-ga9a30cbeda (webtiles) character file.

Game seed: 18344270759776468410

83960 dolemite99 the Markshill orc (level 15, -13/141 HPs)
             Began as a Hill Orc Hunter on Feb 14, 2023.
             Was the Champion of Dithmenos.
             Mangled by a vault guard simulacrum (17 damage)
             ... animated by a necromancer
             ... on level 14 of the Dungeon.
             The game lasted 00:37:32 (31940 turns).

dolemite99 the Markshill orc (Hill Orc Hunter)     Turns: 31940, Time: 00:37:32

Health: -13/141    AC: 19    Str: 16    XL:     15   Next: 78%
Magic:  21/21      EV: 12    Int: 14    God:    Dithmenos [******]
Gold:   344        SH: 22    Dex: 20    Spells: 3/14 levels left

rFire   . . .      SeeInvis +    a - +8 hand crossbow (freeze)
rCold   . . .      Faith    .    f - +5 Storm Queen's Shield {shock, Fly rElec}
rNeg    . . .      Spirit   .    c - +2 ring mail {Will+}
rPois   +          Reflect  +    u - +2 hat {Stlth+}
rElec   +          Harm     .    h - +2 cloak
rCorr   +          Rampage  .    E - +2 pair of gloves
Will    ++...                    (no boots)
Stlth   ++++                     w - amulet of reflection
HPRegen 0.43/turn                P - ring "Onymytor" {AC+4 Int+2}
MPRegen 0.17/turn                I - ring "Zuusmuig" {Fly rPois rCorr Int+3 SInv}

@: flying, wreathed by umbra
A: no striking features
a: Renounce Religion, Shadow Step, Shadow Form


You were on level 14 of the Dungeon.
You worshipped Dithmenos.
Dithmenos was exalted by your worship.
You visited 3 branches of the dungeon, and saw 21 of its levels.

You collected 2401 gold pieces.
You spent 2057 gold pieces at shops.

Inventory:

Hand Weapons
 a - a +8 hand crossbow of freezing (weapon)
 b - the +11 Singing Sword {sonic wave}
   (You found it on level 6 of the Dungeon)
 d - a +1 scimitar of flaming
 r - a +1 spectral scimitar
 J - the +6 long sword of Precise Incision {freeze, Str+2 Int+2}
   (You took it off a centaur on level 11 of the Dungeon)

   Str:       It affects your strength (+2).
   Int:       It affects your intelligence (+2).
Missiles
 O - a throwing net
Armour
 c - a +2 ring mail of willpower (worn)
 f - the +5 Storm Queen's Shield (worn) {shock, Fly rElec}
   (You found it on level 5 of the Lair of Beasts)

   Shock:     When it blocks an attack, it may electrocute the attacker.
   This works even against foes who are a short distance away.
   rElec:     It insulates you from electricity.
   Fly:       It grants you flight.
 h - a +2 cloak (worn)
 u - a +2 hat of stealth (worn)
 E - a +2 pair of gloves (worn)
Magical Staves
 N - a staff of air
Jewellery
 g - a ring of poison resistance
 n - a ring of protection from cold
 p - a +5 ring of evasion
 w - an amulet of reflection (around neck)
 I - the ring "Zuusmuig" (right hand) {Fly rPois rCorr Int+3 SInv}
   (You bought it in a shop on level 1 of the Orcish Mines)

   [ring of flight]

   Int:       It affects your intelligence (+3).
   rPois:     It protects you from poison.
   SInv:      It lets you see invisible.
   Fly:       It grants you flight.
   rCorr:     It protects you from acid and corrosion.
 P - the ring "Onymytor" (left hand) {AC+4 Int+2}
   (You found it on level 14 of the Dungeon)

   [ring of protection]

   AC:        It affects your AC (+4).
   Int:       It affects your intelligence (+2).
 X - a ring of resist corrosion
Wands
 j - a wand of flame (25)
 F - a wand of charming (17)
 Q - a wand of roots (15)
Scrolls
 e - 2 scrolls of poison
 k - 4 scrolls of amnesia
 s - 2 scrolls of immolation
 v - 3 scrolls of blinking
 x - 2 scrolls of butterflies
 y - 11 scrolls of teleportation
 z - 3 scrolls of vulnerability
 S - 5 scrolls of fog
 V - 10 scrolls of identify {@r1}
Potions
 i - 5 potions of magic
 o - 2 potions of berserk rage
 q - 3 potions of attraction
 t - 4 potions of lignification
 A - 4 potions of flight
 C - 2 potions of heal wounds
 D - 5 potions of brilliance
 G - 3 potions of might
 H - a potion of cancellation
 K - a potion of invisibility
 U - 7 potions of curing
 Z - 5 potions of ambrosia
Miscellaneous
 l - a tin of tremorstones (inert)
 m - a phial of floods


   Skills:
 - Level 15.6 Fighting
 - Level 8.4 Long Blades
 - Level 15.8 Ranged Weapons
 - Level 5.0 Dodging
 - Level 0.7 Stealth
 - Level 10.1 Shields
 + Level 7.0 Hexes
 - Level 7.7 Fire Magic
 - Level 8.5 Invocations
 - Level 3.6 Evocations


You had 3 spell levels left.
You knew the following spells:

 Your Spells              Type           Power      Damage    Failure   Level
a - Inner Flame           Hex/Fire       20%        N/A       19%         3
b - Passwall              Tmut/Erth      0%         N/A       88%         2
c - Mephitic Cloud        Conj/Pois/Air  0%         N/A       98%         3
d - Swiftness             Air            0%         N/A       98%         3

Your spell library contained the following spells:

 Spells                   Type           Power      Damage    Failure   Level
 Scorch                   Fire           42%        2d7       9%          2
 Apportation              Tloc           0%         N/A       77%         1
 Magic Dart               Conj           0%         1d3       77%         1
 Necrotise                Necr           0%         1d4       77%         1
 Sandblast                Erth           0%         2d4       77%         1
 Shock                    Conj/Air       0%         1d3       77%         1
 Summon Small Mammal      Summ           0%         N/A       77%         1
 Ignite Poison            Fire/Tmut/Pois 7%         N/A       80%         3
 Kindle Blastsparks       Fire/Tloc/Air  14%        2d11      80%         3
 Cigotuvi's Dreadful Rot  Necr/Pois/Air  0%         N/A       88%         2
 Poisonous Vapours        Pois/Air       0%         N/A       88%         2
 Searing Ray              Conj           0%         2d4       88%         2
 Stone Arrow              Conj/Erth      0%         3d7       98%         3
 Cause Fear               Hex            9%         N/A       56%         4
 Flame Wave               Conj/Fire      10%        2d6       95%         4
 Sticky Flame             Conj/Fire      10%        2d3       95%         4
 Fulminant Prism          Conj/Hex       4%         3d5       96%         4
 Airstrike                Air            0%         2d(0-16)  100%        4
 Animate Dead             Necr           0%         N/A       100%        4
 Olgreb's Toxic Radiance  Pois           0%         N/A       100%        4
 Borgnjor's Vile Clutch   Necr/Erth      0%         N/A       100%        5
 Freezing Cloud           Conj/Ice/Air   0%         6-21      100%        5
 Death Channel            Necr           0%         N/A       100%        6
 Summon Cactus Giant      Summ           0%         N/A       100%        6
 Ozocubu's Refrigeration  Ice            0%         4d7       100%        7
 Discord                  Hex            9%         N/A       100%        8
 Ignition                 Fire           10%        3d5       100%        8


Dungeon Overview and Level Annotations

Branches:
Dungeon (14/15)            Temple (0/1) D:6            Lair (5/5) D:8
 Shoals (0/4) Lair:2       Spider (0/4) Lair:2        Slime (0/5) Lair:4
    Orc (2/2) D:11            Elf (0/3) Orc:2
 Vaults: D:13-14

Altars:
Ashenzari
Cheibriados
Dithmenos
Kikubaaqudgha
Makhleb
Nemelex Xobeh
Okawaru
Sif Muna
Vehumet
Yredelemnul
The Shining One
Beogh
Jiyva

Shops:
D:8 =   D:9 :   D:11 ?   Orc:1 =   Orc:2 :?:[

Annotations:
D:13 4 transporters
Lair:4 1 runed translucent door


Message History

A vault guard simulacrum comes into view.
Dithmenos accepts your kill.
You feel a bit more experienced. You block the necromancer's attack.
The vault guard simulacrum hits you but does no damage.
Your phial of floods has recharged.
The necromancer is no longer blind.
The wizard's soul is no longer bound.
You block the necromancer's attack.
You block the vault guard simulacrum's attack.
You shoot a bolt. The bolt hits the necromancer!!!
The bolt freezes the necromancer.
You kill the necromancer!
Dithmenos accepts your kill.
Your shadow shoots a bolt.
The vault guard hits you with a +0 war axe!
You emit a cloud of dark smoke.
The wizard is engulfed in poison gas.
The wizard is poisoned.
You block the vault guard simulacrum's attack.
Your shield discharges, shocking the vault guard simulacrum!
Your Hexes skill increases to level 7!
You shoot a bolt.
The bolt closely misses the vault guard.
The human looks more healthy.
You block the vault guard simulacrum's attack.
Your shield discharges, shocking the vault guard simulacrum!
The vault guard hits you with a +0 war axe!
The vault guard simulacrum hits you.
The vault guard simulacrum freezes you!!
You block the vault guard's attack. The vault guard simulacrum hits you!
The vault guard simulacrum freezes you!!!
* * * LOW HITPOINT WARNING * * *
You shoot a bolt. The bolt hits the vault guard!!
The bolt freezes the vault guard!
The vault guard is almost dead.
Your shadow shoots a bolt.
The vault guard blocks the bolt.
The vault guard simulacrum closely misses you.
You block the vault guard's attack. You block the wizard's attack.
The vault guard simulacrum hits you.
* * * LOW HITPOINT WARNING * * *
The vault guard simulacrum freezes you!
You die...

#......##..........>..
#......##.##..........
#......'..######+#....
#......#### ###
#......########
####.#.........
#.#.#############
#.#.#○°§§p#§..$:#
#.#.#○§Z@ZZ§..°?#
#.#.#°§§○p§§.☼..#
#.#.#=§°○p'.○°..#
#.#.#...).#..○..#
#.#.##°†°###'°'##
#.#^#°.○..# ..°.
#...†..°○.# °°.
##..†.†⌠..# ..
#..'†....#


You could see a vault guard (soul bound, poisoned), a wizard (poisoned), a
human, a human simulacrum and 2 vault guard simulacra.

Vanquished Creatures
  Gastronok (D:8)
  An ettin (Orc:1)
  A fire dragon (Lair:1)
  A rakshasa (D:11)
  Fannar (D:12)
  5 hydras
  Erica (D:10)
  2 vault guards (D:14)
  A catoblepas (D:13)
  A merfolk avatar (Lair:5)
  A centaur warrior (D:11)
  2 ogre magi (Orc:2)
  15 two-headed ogres
  2 boulder beetles
  2 death yaks (Lair:4)
  Nergalle (Lair:1)
  2 deep trolls (Orc:1)
  A sea snake (Lair:5)
  3 orc knights
  A wizard (D:14)
  A harpy (Lair:5)
  2 necromancers
  5 ugly things
  3 deep elf pyromancers
  14 elephants
  6 cyclopes
  An orc sorcerer (Orc:2)
  5 manticores
  Maurice (Orc:1)
  4 black mambas
  4 gargoyles (D:11)
  4 torpor snails
  An unseen horror (D:13)
  19 cane toads
  3 rime drakes (Lair:5)
  A yaktaur (D:14)
  9 komodo dragons
  An efreet (D:13)
  A kobold demonologist (D:11)
  A queen bee (D:13)
  Prince Ribbit (D:6)
  3 meliai (D:13)
  15 trolls
  5 polar bears
  4 hornets
  2 wind drakes (Lair:5)
  2 snapping turtles (Lair:5)
  2 jumping spiders (Lair:2)
  Sigmund (D:2)
  3 culicivoras (Lair:2)
  4 shadows
  6 slime creatures
  A vampire (D:11)
  26 yaks
  3 wraiths (D:11)
  Grum (D:10)
  A steam dragon (D:9)
  3 wyverns
  16 humans (D:14)
  5 vampire mosquitoes
  3 basilisks
  4 redbacks (Lair:2)
  A warg (D:11)
  4 acid dragons
  13 water moccasins
  An ice beast (D:7)
  14 orc warriors
  2 elephant zombies (Lair:3)
  17 wolves
  23 ogres
  12 centaurs
  A kobold brigand (D:11)
  A komodo dragon zombie (Lair:3)
  3 necrophages
  18 bullfrogs
  5 scorpions (D:6)
  3 wights (D:6)
  27 killer bees
  5 howler monkeys
  3 jellies
  2 hounds (D:6)
  8 orc priests
  A basilisk zombie (Lair:3)
  Jessica (D:2)
  4 iguanas
  Natasha (thrice) (D:3)
  26 orc wizards
  4 hell rats (Lair:2)
  Robin (D:3)
  4 gnolls (D:4)
  8 adders
  4 river rats (Lair:2)
  2 white imps
  A worm (D:4)
  4 dart slugs
  74 orcs
  14 ball pythons
  13 bats
  7 endoplasms
  5 giant cockroaches
  16 goblins
  6 hobgoblins
  4 kobolds
  7 quokkas
  5 frilled lizards
  8 rats
627 creatures vanquished.

Vanquished Creatures (others)
  A goblin (D:3)
  46 fungi
  86 plants
133 creatures vanquished.

Grand Total: 760 creatures vanquished

Notes
Turn   | Place    | Note
-------+----------+-------------------------------------------
     0 | D:1      | dolemite99 the Hill Orc Hunter began the quest for the Orb.
     0 | D:1      | Reached XP level 1. HP: 18/18 MP: 1/1
   166 | D:1      | Reached XP level 2. HP: 25/25 MP: 2/2
   397 | D:1      | Reached XP level 3. HP: 26/30 MP: 3/3
   832 | D:2      | Noticed Jessica
   842 | D:2      | Killed Jessica
   843 | D:2      | Reached skill level 5 in Ranged Weapons
   843 | D:2      | Reached XP level 4. HP: 37/37 MP: 4/4
  1255 | D:2      | Noticed Sigmund
  1267 | D:2      | Killed Sigmund
  1268 | D:2      | Reached XP level 5. HP: 26/42 MP: 5/5
  1268 | D:2      | Reached XP level 6. HP: 31/50 MP: 6/6
  2408 | D:3      | Noticed Natasha
  2414 | D:3      | Killed Natasha
  2483 | D:3      | Noticed Natasha
  2493 | D:3      | Killed Natasha
  2734 | D:3      | Noticed Robin
  2746 | D:3      | Killed Robin
  3089 | D:4      | Found a shadowy altar of Dithmenos.
  3098 | D:4      | Became a worshipper of Dithmenos the Shadowed
  3222 | D:4      | Reached XP level 7. HP: 56/56 MP: 7/7
  3292 | D:4      | Identified a scroll of acquirement
  3292 | D:4      | Acquired a +5 hand crossbow
  3316 | D:4      | Found a glowing golden altar of the Shining One.
  3338 | D:4      | Found Aneadghoe's Alliterative Accessories.
  3989 | D:4      | Reached * piety under Dithmenos
  4308 | D:5      | Entered Level 5 of the Dungeon
  4367 | D:5      | Noticed a komodo dragon
  4379 | D:5      | HP: 1/56 [komodo dragon (22)]
  4380 | D:5      | Killed a komodo dragon
  4381 | D:5      | Reached XP level 8. HP: 1/62 MP: 8/8
  5289 | D:6      | Found a staircase to the Ecumenical Temple.
  5569 | D:6      | Noticed Prince Ribbit
  5575 | D:6      | Killed Prince Ribbit
  5576 | D:6      | Reached skill level 10 in Ranged Weapons
  5681 | D:6      | Found a shimmering blue altar of Sif Muna.
  5681 | D:6      | Found a radiant altar of Vehumet.
  5688 | D:6      | Found a basalt altar of Yredelemnul.
  5690 | D:6      | Found a broken altar of Ashenzari.
  5692 | D:6      | Found a faded altar of an unknown god.
  5977 | D:6      | Identified the +7 halberd of Annihilation {freeze, rF++
                  | MP+9 Int+4}
  5993 | D:6      | Noticed a hornet
  5998 | D:6      | Killed a hornet
  5999 | D:6      | Reached XP level 9. HP: 68/68 MP: 9/9
  6204 | D:6      | Reached ** piety under Dithmenos
  6949 | D:6      | Found a burning altar of Makhleb.
  7110 | D:6      | Found the +11 Singing Sword {sonic wave}
  7217 | D:7      | Noticed a two-headed ogre
  7224 | D:7      | Killed a two-headed ogre
  7225 | D:7      | Reached skill level 5 in Long Blades
  7460 | D:7      | Identified the +2 whip of the Keeping Gods {elec, Stlth+}
  7512 | D:7      | Found a sparkling altar of Nemelex Xobeh.
  7568 | D:7      | Reached XP level 10. HP: 74/74 MP: 10/10
  7886 | D:7      | Noticed a two-headed ogre
  7892 | D:7      | Killed a two-headed ogre
  8216 | D:7      | Found a snail-covered altar of Cheibriados.
  8544 | D:8      | Found a staircase to the Lair.
  8635 | D:8      | Noticed Gastronok
  8652 | D:8      | Killed Gastronok
  8945 | D:8      | Reached *** piety under Dithmenos
  9450 | D:8      | Found an ancient bone altar of Kikubaaqudgha.
  9456 | D:8      | Found Awaidy's Jewellery Shop.
  9466 | D:8      | Bought a ring of ice for 350 gold pieces
  9988 | D:9      | Noticed a two-headed ogre
 10493 | Lair:1   | Entered Level 1 of the Lair of Beasts
 10496 | Lair:1   | Reached XP level 11. HP: 79/95 MP: 11/11
 10563 | Lair:1   | Noticed Nergalle
 10568 | Lair:1   | Killed Nergalle
 10621 | Lair:1   | Noticed a fire dragon
 10630 | Lair:1   | Killed a fire dragon
 10631 | Lair:1   | Reached skill level 10 in Fighting
 11945 | Lair:2   | Found a staircase to the Shoals.
 12055 | Lair:2   | Noticed a death yak
 12321 | Lair:2   | Noticed a death yak
 12663 | Lair:2   | Reached **** piety under Dithmenos
 12691 | Lair:2   | Reached XP level 12. HP: 87/117 MP: 12/12
 13290 | Lair:2   | Found a hole to the Spider Nest.
 13307 | Lair:2   | Reached skill level 15 in Fighting
 15994 | Lair:4   | Noticed a death yak
 16214 | Lair:4   | Noticed a death yak
 16227 | Lair:4   | Killed a death yak
 16240 | Lair:4   | Killed a death yak
 16732 | Lair:4   | Found a runed translucent door.
 16833 | Lair:4   | Found a viscous altar of Jiyva.
 16833 | Lair:4   | Noticed an acid blob
 16833 | Lair:4   | Noticed an acid blob
 16834 | Lair:4   | Found a staircase to the Slime Pits.
 16834 | Lair:4   | Noticed an acid blob
 17318 | Lair:5   | Entered Level 5 of the Lair of Beasts
 17330 | Lair:4   | Reached XP level 13. HP: 110/127 MP: 13/13
 17728 | Lair:5   | Reached skill level 15 in Ranged Weapons
 18456 | Lair:5   | Reached ***** piety under Dithmenos
 18744 | Lair:5   | Reached skill level 1 in Invocations
 19287 | Lair:5   | Reached skill level 5 in Dodging
 19796 | Lair:5   | Found the +5 Storm Queen's Shield {shock, Fly rElec}
 20032 | Lair:5   | Reached skill level 1 in Shields
 20322 | Lair:5   | Reached XP level 14. HP: 135/135 MP: 17/17
 20636 | D:3      | Noticed Natasha
 20650 | D:3      | Killed Natasha
 21059 | D:9      | Found an iron altar of Okawaru.
 21263 | D:9      | Found Soar's Book Emporium.
 21288 | D:9      | Learned a level 2 spell: Passwall
 21296 | D:9      | Learned a level 3 spell: Inner Flame
 21300 | D:9      | Learned a level 3 spell: Mephitic Cloud
 21305 | D:9      | Learned a level 3 spell: Swiftness
 21522 | D:10     | Entered Level 10 of the Dungeon
 21707 | D:10     | Noticed Erica
 21713 | D:10     | Killed Erica
 21714 | D:10     | Reached skill level 5 in Shields
 21736 | D:10     | Noticed Grum
 21738 | D:10     | Killed Grum
 23353 | D:11     | Reached skill level 5 in Invocations
 24045 | D:11     | Found Tyufat's Magic Scroll Shoppe.
 24052 | D:11     | Bought a scroll of blinking for 112 gold pieces
 24052 | D:11     | Bought a scroll of blinking for 112 gold pieces
 24262 | D:11     | Found a staircase to the Orcish Mines.
 24390 | D:11     | Bought a scroll of fog for 60 gold pieces
 24390 | D:11     | Bought a scroll of teleportation for 45 gold pieces
 24722 | D:11     | Identified the +1 short sword of Fury {flame, rF++ Str-4}
 24817 | D:11     | Identified the +6 long sword of Precise Incision {freeze,
                  | Str+2 Int+2}
 25049 | Orc:1    | Entered Level 1 of the Orcish Mines
 25049 | Orc:1    | Noticed Maurice
 25056 | Orc:1    | Killed Maurice
 25057 | Orc:1    | Reached skill level 10 in Shields
 25067 | Orc:1    | Reached ****** piety under Dithmenos
 25157 | Orc:1    | Found Ravvex's Jewellery Boutique.
 25286 | Orc:1    | Bought the ring "Zuusmuig" {Fly rPois rCorr Int+3 SInv} for
                  | 582 gold pieces
 25389 | Orc:2    | Entered Level 2 of the Orcish Mines
 25389 | Orc:2    | Found Ryiczau's Book Emporium.
 25412 | Orc:1    | Reached skill level 1 in Evocations
 26282 | Orc:2    | Found a staircase to the Elven Halls.
 26283 | Orc:2    | Reached XP level 15. HP: 126/141 MP: 21/21
 26298 | Orc:2    | Reached skill level 1 in Fire Magic
 27324 | Orc:2    | Reached skill level 5 in Fire Magic
 27471 | Orc:2    | Paralysed by an ogre mage for 4 turns
 27542 | Orc:2    | Found Cawuerae's Antique Armour Shoppe.
 27558 | Orc:2    | Found Anwali's Magic Scroll Shoppe.
 27559 | Orc:2    | Found Jejorace's Book Boutique.
 27578 | Orc:2    | Bought a glowing ring mail for 196 gold pieces
 27721 | Orc:2    | Bought a glowing cloak for 210 gold pieces
 27852 | Orc:2    | Bought 2 scrolls of blinking for 195 gold pieces
 27852 | Orc:2    | Bought a scroll of teleportation for 39 gold pieces
 27852 | Orc:2    | Bought a scroll of teleportation for 39 gold pieces
 28371 | Orc:2    | Found a roughly hewn altar of Beogh.
 28483 | Orc:2    | Bought 3 scrolls of teleportation for 117 gold pieces
 29627 | D:12     | Noticed Fannar
 29628 | D:12     | Reached skill level 1 in Hexes
 29652 | D:12     | Killed Fannar
 31218 | D:13     | Found a transporter.
 31225 | D:13     | Found a transporter.
 31225 | D:13     | Found a transporter.
 31237 | D:13     | Found a transporter.
 31605 | D:13     | Reached skill level 5 in Hexes
 31797 | D:14     | Identified the ring "Onymytor" {AC+4 Int+2}
 31940 | D:14     | HP: 4/141 [vault guard simulacrum[a necromancer] (4)]
 31940 | D:14     | Mangled by a vault guard simulacrum

Illustrated notes

Levels and vault maps discovered:
D:1:      lightli_arrival_maybe_door_vault, layout_basic, skrybe_limestone_x,
          minmay_pentomino_t4
D:2:      layout_loops_ring, chequers_serial_rivers_micro_c, uniq_sigmund,
          uniq_jessica
D:3:      layout_loops_corners, wander_ebering_terrifying_dragon_lair,
          uniq_natasha, uniq_robin
D:4:      layout_gridville, nicolae_overflow_crystal_walls,
          mainiacjoe_overflow_alcove_1, nicolae_alphabet_shops
D:5:      layout_rooms
D:6:      old_forge, layout_layer_cave, makhleb_heckhound_becter,
          chequers_temple_overflow_minitemple, minmay_temple_entry_proselytizer,
          uniq_prince_ribbit1
D:7:      layout_loops_corners, mainiacjoe_overflow_paths,
          mainiacjoe_overflow_catwalk
D:8:      layout_basic, mainiacjoe_overflow_surrounded_room, lair_entry_dummy,
          minmay_misc_feat_ornament, chequers_jeans, abandoned_shop,
          minmay_shop_grid_forest, hangedman_glass_teeth, uniq_gastronok
D:9:      layout_roguey, amcnicky_altar_gilded, enter_bailey_3, serial_shops,
          nicolae_square_shop
D:10:     layout_loops_ring, kennysheep_windowed_goal, uniq_grum, uniq_erica
D:11:     minmay_the_grid_triangle_9x9_rhombus_thin_mashed
          [minmay_the_grid_triangle_9x9_corrupted_corridor,
          minmay_the_grid_triangle_9x9_prize_center,
          minmay_the_grid_triangle_9x9_intruding_spiral,
          minmay_the_grid_triangle_9x9_pentomino_pain], layout_stronghold,
          hiddenorc1_lemuel, serial_shops, shop, minmay_alternating_orb
D:12:     layout_layer_cave, uniq_fannar
D:13:     layout_long_grid, special_room [special_room_bee],
          nicolae_transporter_circle
D:14:     layout_basic, grunt_vaults_entry_tiered
Lair:1:   dragon1_lemuel, layout_misc_corridors, chequers_serial_rivers_micro_d,
          grunt_megastairs_1, uniq_nergalle
Lair:2:   layout_big_grid, minmay_shoals_entry_centaurs,
          nicolae_spider_entry_tight_spaces, chequers_serial_rivers_small_a,
          serial_bayou_pond_a, chequers_serial_rivers_small_3, minivault_23,
          minmay_lair_oklob_items, kennysheep_abandoned_house,
          serial_bayou_shore_b, lemuel_fruit_tree, lemuel_fruit_fields
Lair:3:   pond_and_an_island_with_a_cottage, layout_concentric_octagons,
          serial_bayou_shore_b
Lair:4:   layout_misc_corridors, slime_entry_2,
          grunt_forest_small_clearing_treed
Lair:5:   gammafunk_lair_ancient_temple, layout_concentric_octagons,
          enter_volcano_2, chequers_serial_rivers_small_3
Orc:1:    layout_diamond_mine, serial_shops, nicolae_shop_crystal,
          lightli_orcish_oven, uniq_maurice
Orc:2:    st_orc_open, layout_caves, basic_altar

Skill      XL: |  1  2  3  4  5  6  7  8  9 10 11 12 13 14 15 |
---------------+----------------------------------------------+-----
Ranged Weapons | 4 5 6 7 9 11 12 14 15 | 15.8
Long Blades    | 5 8 |  8.4
Fighting       | 8 14 15 | 15.6
Dodging        | 5 |  5.0
Invocations    | 4 8 |  8.5
Shields        | 2 10 | 10.1
Evocations     | 3 |  3.6
Fire Magic     | 7 |  7.7
Hexes          | 7 |  7.0
Stealth        | |  0.7

Action                     |  1- 3 |  4- 6 |  7- 9 | 10-12 | 13-15 || total
---------------------------+-------+-------+-------+-------+-------++-------
  Melee: Double sword      |       |       |       |     5 |    15 ||    20
   Fire: Shortbow          |    91 |   129 |       |       |       ||   220
         Sling             |       |    16 |     3 |       |       ||    19
         Hand crossbow     |       |       |   169 |   420 |   733 ||  1322
   Cast: Inner Flame       |       |       |       |       |     1 ||     1
  Evoke: Wand              |       |       |       |     2 |    10 ||    12
         Tin of tremorston |       |       |       |       |     4 ||     4
         Phial of floods   |       |       |       |       |     2 ||     2
    Use: Scroll            |       |     2 |     6 |    14 |    19 ||    41
         Potion            |       |       |     3 |     2 |     3 ||     8
 Armour: Leather armour    |    16 |    29 |    11 |    42 |    42 ||   140
         Fire dragon scale |       |       |       |     1 |       ||     1
         Ring mail         |       |       |       |       |    20 ||    20
  Dodge: Dodged            |    56 |    55 |    46 |   217 |   202 ||   576
  Block: Other             |       |       |    15 |    64 |    26 ||   105
         Reflection        |       |       |     2 |     2 |    23 ||    27
         Kite shield       |       |       |       |       |   264 ||   264

Table legend: (Time is in decaauts)
 A = Elapsed time spent in this place.
 B = Non-inter-level travel time spent in this place.
 C = Inter-level travel time spent in this place.
 D = Time resting spent in this place.
 E = Time spent auto-exploring this place.
 F = Levels seen in this place.
 G = Mean time per level.
                   A        B        C        D        E       F      G
               +--------+--------+--------+--------+--------+-----+--------+
         Total |  32455 |  30837 |   1618 |  13969 |  12407 |  21 | 1545.5 |
       Dungeon |  18774 |  17539 |   1235 |   6256 |   8824 |  14 | 1341.0 |
          Lair |  10189 |   9890 |    299 |   5349 |   2956 |   5 | 2037.8 |
  Orcish Mines |   3491 |   3409 |     82 |   2362 |    627 |   2 | 1745.5 |
               +--------+--------+--------+--------+--------+-----+--------+

Top non-repeatable levels by time:
    D:11: 3022 daAuts
  Lair:5: 2907 daAuts
  Lair:4: 2290 daAuts
  Lair:2: 2087 daAuts
   Orc:2: 2079 daAuts
     D:8: 2010 daAuts
     D:6: 1802 daAuts
  Lair:1: 1581 daAuts
    D:12: 1573 daAuts
   Orc:1: 1411 daAuts
     D:7: 1350 daAuts
  Lair:3: 1323 daAuts
     D:3: 1315 daAuts
     D:4: 1308 daAuts
     D:5: 1221 daAuts
